 Dungeon Crawl Stone Soup version 0.21.1-1-g345015f (webtiles) character file.

76 inc the Skirmisher (level 4, 22/22 HPs)
             Began as a Felid Transmuter on June 9, 2018.
             Was a Follower of Wu Jian.
             Quit the game in a sewer.
             The game lasted 00:03:49 (2985 turns).

inc the Skirmisher (Felid Transmuter)               Turns: 2985, Time: 00:03:50

Health: 22/22      AC:  4    Str:  6    XL:     4   Next: 12%
Magic:  8/8        EV: 18    Int: 14    God:    Wu Jian [*.....]
Gold:   72         SH:  0    Dex: 18    Spells: 6/7 levels left
                                        Lives:  0   Deaths: 1

rFire    . . .     SeeInvis +     - Unarmed
rCold    . . .     Gourm    .   (shield unavailable)
rNeg     . . .     Faith    .   (armour unavailable)
rPois    .         Spirit   .   (helmet unavailable)
rElec    .         Reflect  .   (cloak unavailable)
rCorr    .         Harm     .   (gloves unavailable)
MR       .....                  (boots unavailable)
Stlth    ++........             f - amulet of regeneration
HPRegen  0.47/turn              h - +3 ring of protection
MPRegen  0.11/turn              (no ring)

@: quick
A: very small, no armour, no weapons or thrown items, stealth, claws 1, fangs 3,
see invisible, carnivore, speed 1, shaggy fur 1, slow metabolism 1, sharp paws
a: Renounce Religion


You were in a sewer.
You worshipped Wu Jian.
Wu Jian was aware of your devotion.
You were not hungry.

You visited 1 branch of the dungeon, and saw 3 of its levels.
You also visited: Sewer.

You collected 72 gold pieces.

Inventory:

Missiles
 a - 79 arrows
Jewellery
 d - an uncursed ring of loudness
 e - an uncursed ring of teleportation
 f - an amulet of regeneration (around neck)
 h - a +3 ring of protection (left paw)
Wands
 g - a wand of random effects (25)
Scrolls
 l - a scroll of fear {unknown}
Potions
 i - a potion of agility
Books
 b - a book of Changes

   Spells                             Type                      Level
   a - Beastly Appendage              Transmutation                1
   b - Sticks to Snakes               Transmutation                2
   c - Spider Form                    Transmutation/Poison         3
   d - Ice Form                       Ice/Transmutation            4
   e - Blade Hands                    Transmutation                5
Comestibles
 c - 12 rations


   Skills:
 - Level 4.5 Fighting
 - Level 2.6 Dodging
 + Level 3.7 Unarmed Combat
 - Level 2.0 Spellcasting
 - Level 2.1 Transmutations


You had 6 spell levels left.
You knew the following spells:

 Your Spells              Type           Power        Failure   Level  Hunger
a - Beastly Appendage     Tmut           #.....       10%         1    ##.....


Dungeon Overview and Level Annotations

Branches:
Dungeon (3/15)

Altars:
Elyvilon
Wu Jian


Innate Abilities, Weirdness & Mutations

You cannot wear armour.
You are incapable of wielding weapons or throwing items.
Your paws allow you to move quietly. (Stealth)
You have sharp claws.
You have razor-sharp teeth.
You have supernaturally acute eyesight. (SInv)
You are carnivorous and can eat meat at any time.
You cover ground quickly.
You are covered in fur. (AC +1)
You have a slow metabolism.
Your sharp claws are effective at attacking unaware monsters.


Message History

You feel sick.
The sickly merfolk siren chants its luring song.
The adder closely misses you. The river rat bites you.
* * * LOW HITPOINT WARNING * * *
Okay, then.
You scratch the adder. Your claw misses the adder.
The adder is severely wounded.
The adder misses you.
The sickly merfolk siren chants its luring song.
The river rat barely misses you.
You barely miss the adder.
The adder is severely wounded.
The adder misses you.
The sickly merfolk siren chants its luring song.
The adder bites you.
You die...
You are now level 4!
You rejoin the land of the living...
A ball python and 3 rats come into view.
Are you sure you want to abandon this character and quit the game? (Confirm with "yes".)

#######
#..r@.#
#..###.r#
# ≈≈#
≈Sr.
#####


You could see a ball python (sleeping) and 3 rats.

Vanquished Creatures
  An orc wizard (D:3)
  Terence (D:2)
  2 adders
  A river rat (D:3)
  An ooze (D:1)
  A worm (D:3)
  A dart slug (D:2)
  5 leopard geckos
  2 orcs (D:3)
  4 giant cockroaches
  4 goblins
  4 hobgoblins
  8 kobolds
  2 quokkas (D:2)
  A ball python (Sewer)
  2 bats
  A frilled lizard (D:2)
  22 rats
  A plant (D:1)
64 creatures vanquished.

Notes
Turn   | Place    | Note
-------+----------+-------------------------------------------
     0 | D:1      | inc the Felid Transmuter began the quest for the Orb.
     0 | D:1      | Reached XP level 1. HP: 9/9 MP: 4/4
    37 | D:1      | Reached skill level 2 in Fighting
    39 | D:1      | Reached XP level 2. HP: 12/13 MP: 6/6
  1181 | D:2      | Reached skill level 3 in Fighting
  1181 | D:2      | Reached XP level 3. HP: 11/17 MP: 7/7
  1294 | D:2      | Noticed Terence
  1308 | D:2      | Killed Terence
  1360 | D:2      | Reached XP level 4. HP: 15/22 MP: 8/8
  1442 | D:2      | Found a white marble altar of Elyvilon.
  1511 | D:2      | Reached skill level 4 in Fighting
  1562 | D:2      | Found an ornate altar of the Wu Jian Council.
  1602 | D:2      | Became a worshipper of the Wu Jian Council
  2878 | D:3      | Found a glowing drain.
  2881 | D:3      | Reached XP level 5. HP: 25/25 MP: 9/9
  2885 | Sewer    | Entered a sewer
  2924 | Sewer    | Reached * piety under Wu Jian
  2984 | Sewer    | Slain by an adder
  2985 | Sewer    | Reached XP level 4. HP: -1/22 MP: 8/8
  2985 | Sewer    | Quit the game

Skill      XL: |  1  2  3  4 |
---------------+-------------+-----
Fighting       | 2 3 4 |  4.5
Dodging        | |  2.6
Unarmed Combat | |  3.7
Spellcasting   | |  2.0
Transmutations | |  2.1

Action                   |  1- 3 |  4- 6 || total
-------------------------+-------+-------++-------
Melee: Unarmed           |   124 |   161 ||   285
       Punch             |     3 |       ||     3
       Bite              |     8 |     9 ||    17
Invok: Lunge             |       |     7 ||     7
  Use: Scroll            |     1 |     2 ||     3
 Stab: Sleeping          |       |     2 ||     2
  Eat: Chunk             |       |     3 ||     3
Armor: Skin              |     6 |    13 ||    19
Dodge: Dodged            |    84 |   119 ||   203
